 Dungeon Sprint DCSS version 0.22-a0-247-gbddf880 (webtiles) character file.

25345 Ghella the Ninja (level 12, 0/58 HPs)
             Began as a Spriggan Enchanter on Feb 27, 2018.
             Was a High Priest of Dithmenos.
             Succumbed to a ghost moth's poison
             ... in the Dungeon (Sprint IV: "Fedhas' Mad Dash").
             The game lasted 00:25:09 (6747 turns).

Ghella the Ninja (Spriggan Enchanter)               Turns: 6747, Time: 00:25:09

Health: 0/58       AC:  2    Str:  1 (4)  XL:     12   Next: 88%
Magic:  0/30       EV: 26    Int: 14 (16) God:    Dithmenos [*****.]
Gold:   5          SH:  6    Dex: 19 (22) Spells: 27/38 levels left

rFire    . . .     SeeInvis +   i - +2 dagger (venom)
rCold    + . .     Gourm    .   o - +0 buckler
rNeg     . . .     Faith    .   b - +0 robe
rPois    .         Spirit   .   g - +0 hat "Pocilloh" {-Tele rC+ MR++}
rElec    .         Reflect  .   (no cloak)
rCorr    .         Harm     .   (gloves unavailable)
MR       ++++.     NoTele   +   (boots unavailable)
Stlth    ++++++++++             j - amulet of invisibility {+Inv}
HPRegen  0.19/turn              h - ring of loudness (curse)
MPRegen  0.22/turn              (no ring)

@: lethally poisoned (0 -> -24), wreathed by umbra, drained, very quick
A: very small, unfitting armour, see invisible, herbivore, speed 3, slow
metabolism 2
a: Shadow Step, Shadow Form, Renounce Religion, Evoke Invisibility


You were in the Dungeon.
You worshipped Dithmenos.
Dithmenos was extremely pleased with you.
You were not hungry.

You visited 1 branch You collected 462 gold pieces.
You spent 457 gold pieces at shops.

Inventory:

Hand Weapons
 a - a +1 dagger
 i - a +2 dagger of venom (weapon)
 n - a +0 hunting sling
Missiles
 m - 7 sling bullets
Armour
 b - a +0 robe (worn)
 g - the +0 hat "Pocilloh" (worn) {-Tele rC+ MR++}
   (You acquired it in the Dungeon)

   It protects you from cold.
   It affects your resistance to hostile enchantments.
   It prevents most forms of teleportation.
 o - a +0 buckler (worn)
Jewellery
 e - an uncursed amulet of the gourmand
 f - the amulet "Myepaef" {Reflect rPois rF- Dex+3 SH+2}
   (You found it in the Dungeon)

   [amulet of reflection]

   It shields you and reflects attacks.
   It affects your dexterity (+3).
   It makes you vulnerable to fire.
   It protects you from poison.
   It affects your SH (+2).
 h - a cursed ring of loudness (left hand)
 j - the amulet of invisibility (around neck) {+Inv}
   (You found it in the Dungeon)

   [amulet of nothing]

   It lets you turn invisible.
Potions
 k - a potion of degeneration
Comestibles
 d - a ration


   Skills:
 + Level 4.2(3.9) Fighting
 + Level 11.0(10.7) Short Blades
 + Level 2.8(2.5) Slings
 + Level 10.4(10.1) Dodging
 O Level 27(26.5) Stealth
 + Level 2.0(1.7) Shields
 + Level 13.5(13.1) Spellcasting
 + Level 13.6(13.2) Hexes
 + Level 7.0(6.7) Ice Magic
 + Level 10.1(9.7) Invocations
 + Level 16.4(16.0) Evocations


You had 27 spell levels left.
You knew the following spells:

 Your Spells              Type           Power        Failure   Level  Hunger
a - Corona                Hex            #####..      1%          1    None
b - Confuse               Hex            #####...     1%          3    None
c - Ensorcelled Hibernat  Hex/Ice        #####.       1%          2    None
d - Metabolic Englaciati  Hex/Ice        #####.....   4%          5    #####..


Dungeon Overview and Level Annotations

Branches:
Dungeon (1/1)

Altars:
Cheibriados
Dithmenos
Elyvilon
Gozag
Hepliaklqana
Kikubaaqudgha
Makhleb
Nemelex Xobeh
Okawaru
Qazlal
Ru
Sif Muna
Trog
Uskayaw
Vehumet
Wu Jian
Xom
Yredelemnul
Zin
The Shining One
Beogh
Jiyva
Lugonu

Shops:
D }?=([:([}(?}%=([[=(=!

Annotations:
D the Enchantress


Innate Abilities, Weirdness & Mutations

You are very small and have problems with some larger weapons.
You are too small for most types of armour.
You have supernaturally acute eyesight. (SInv)
You are a herbivore.
You cover ground extremely quickly.
You need consume almost no food.


Message History

You feel sick. The ghost moth stares at you.
You feel your power leaking away.
* * * LOW HITPOINT WARNING * * *
You feel sick. The ghost moth stares at you.
You feel your power leaking away.
There is an open door, spattered with blood here.
* * * LOW HITPOINT WARNING * * *
You feel sick.
You close the door.
* * * LOW HITPOINT WARNING * * *
You feel sick.
It was a potion of cancellation.
You feel magically purged.
* * * LOW HITPOINT WARNING * * *
You feel very sick.
It was a potion of degeneration.
There was something very wrong with that liquid.
You feel weakened.
You feel dopey.
You feel clumsy.
You die...

#################################
#.⌠._._._._.⌠.#.)'.)[#....##∩##.#
'.._._._._._..'..#...#....'(|##'#
#..._._._._...#..###'##...##∩#..#
#.._._._._._..#..##∩∩.'...#####..
#._._._._._.⌠.#################..
###################.....[###.....
#♣♣♣♣♣..♣[###.'.@+.y...(.'.'..)♣.
......♣..♣##..#..#.P.....########
♣..♣♣♣.♣).###)##'##......#
.♣♣..♣..)♣'...#♣.♣########
###############.....#### ......#
###..♣..♣....###
....P.#####.).♣......♣...♣###
...)P..........♣.....∩.∩..)}#
........#####################


There were no monsters in sight!

Vanquished Creatures
  4 spriggan defenders (D)
  4 spriggan berserkers (D)
  4 spriggan druids (D)
  23 oklob plants (D)
  3 demonic crawlers (D)
  3 burning bushes (D)
  8 hornets (D)
  3 wandering mushrooms (D)
  A queen bee (D)
  2 scorpions (D)
  4 killer bees (D)
  5 oklob saplings (D)
  2 worker ants (D)
  10 spriggans (D)
  A river rat (D)
  A rat (D)
  3 ballistomycetes (D)
  A ballistomycete spore (D)
82 creatures vanquished.

Vanquished Creatures (collateral kills)
  Agnes (D)
1 creature vanquished.

Vanquished Creatures (others)
  5 ballistomycete spores (D)
  A bush (D)
  A fungus (D)
7 creatures vanquished.

Grand Total: 90 creatures vanquished

Notes
Turn   | Place    | Note
-------+----------+-------------------------------------------
     0 | D        | Ghella the Spriggan Enchanter began the quest for the Orb.
     0 | D        | Reached XP level 1. HP: 9/9 MP: 5/5
    14 | D        | Reached skill level 8 in Stealth
    14 | D        | Reached XP level 2. HP: 3/13 MP: 6/6
   371 | D        | Noticed an oklob sapling
   373 | D        | Killed an oklob sapling
   373 | D        | Reached skill level 10 in Stealth
   373 | D        | Reached XP level 3. HP: 16/16 MP: 8/8
   380 | D        | Learned a level 3 spell: Confuse
   383 | D        | Learned a level 2 spell: Ensorcelled Hibernation
   487 | D        | Found the amulet of invisibility {+Inv}
   494 | D        | Reached skill level 12 in Stealth
   517 | D        | Found an opulent altar of Gozag.
   517 | D        | Found a hazy altar of Hepliaklqana.
   517 | D        | Found a burning altar of Makhleb.
   517 | D        | Found a roughly hewn altar of Beogh.
   517 | D        | Found a sparkling altar of Nemelex Xobeh.
   517 | D        | Found a snail-covered altar of Cheibriados.
   517 | D        | Found a sacrificial altar of Ru.
   517 | D        | Found a deep blue altar of Sif Muna.
   517 | D        | Found a shimmering altar of Xom.
   517 | D        | Found a basalt altar of Yredelemnul.
   518 | D        | Found a viscous altar of Jiyva.
   518 | D        | Found a bloodstained altar of Trog.
   518 | D        | Found an ornate altar of the Wu Jian Council.
   518 | D        | Noticed an oklob sapling priest
   519 | D        | Found an iron altar of Okawaru.
   519 | D        | Found a shadowy altar of Dithmenos.
   519 | D        | Found a glowing silver altar of Zin.
   520 | D        | Found an ancient bone altar of Kikubaaqudgha.
   520 | D        | Found a hide-covered altar of Uskayaw.
   521 | D        | Found a stormy altar of Qazlal.
   521 | D        | Found a white marble altar of Elyvilon.
   521 | D        | Found a glowing golden altar of the Shining One.
   522 | D        | Found a corrupted altar of Lugonu.
   522 | D        | Found a radiant altar of Vehumet.
   525 | D        | Killed an oklob sapling priest
   525 | D        | Reached skill level 14 in Stealth
   525 | D        | Reached skill level 1 in Evocations
   525 | D        | Reached XP level 4. HP: 21/21 MP: 6/9
   531 | D        | Became a worshipper of Dithmenos the Shadowed
   561 | D        | Reached XP level 5. HP: 25/25 MP: 7/10
   775 | D        | Reached skill level 15 in Stealth
   888 | D        | Reached * piety under Dithmenos
   889 | D        | Reached skill level 1 in Fighting
   889 | D        | Reached skill level 16 in Stealth
  1220 | D        | Found Neoxzov's Weapon Shop.
  1220 | D        | Found Raczuis's Jewellery Emporium.
  1228 | D        | Noticed a burning bush
  1228 | D        | Noticed a wandering mushroom
  1229 | D        | Noticed a wandering mushroom
  1231 | D        | Killed a wandering mushroom
  1231 | D        | Reached ** piety under Dithmenos
  1231 | D        | Reached skill level 18 in Stealth
  1231 | D        | Reached skill level 5 in Hexes
  1231 | D        | Reached skill level 5 in Evocations
  1231 | D        | Reached XP level 6. HP: 30/30 MP: 9/12
  1233 | D        | Killed a burning bush
  1233 | D        | Reached skill level 19 in Stealth
  1233 | D        | Reached XP level 7. HP: 33/33 MP: 9/13
  1236 | D        | Killed a wandering mushroom
  1236 | D        | Reached *** piety under Dithmenos
  1236 | D        | Reached skill level 20 in Stealth
  1507 | D        | Found Ciots's Weapon Emporium.
  1507 | D        | Found Ippubux's Jewellery Shoppe.
  1857 | D        | Noticed a queen bee
  1863 | D        | Killed a queen bee
  1863 | D        | Reached skill level 5 in Dodging
  1863 | D        | Reached skill level 21 in Stealth
  1863 | D        | Reached XP level 8. HP: 39/39 MP: 9/15
  1911 | D        | Noticed an oklob plant
  1913 | D        | Killed an oklob plant
  1913 | D        | Reached skill level 22 in Stealth
  1926 | D        | Noticed a burning bush
  1928 | D        | Killed a burning bush
  1928 | D        | Reached **** piety under Dithmenos
  1928 | D        | Reached skill level 23 in Stealth
  1934 | D        | Identified the Tome of the Helpful Oath
  1980 | D        | Noticed a burning bush
  1980 | D        | Noticed an oklob plant
  1981 | D        | Noticed a wandering mushroom
  1982 | D        | Killed a burning bush
  1982 | D        | Reached XP level 9. HP: 42/42 MP: 12/17
  1984 | D        | Killed an oklob plant
  1984 | D        | Reached skill level 5 in Short Blades
  1984 | D        | Reached skill level 24 in Stealth
  1984 | D        | Reached skill level 1 in Invocations
  1984 | D        | Reached skill level 10 in Evocations
  1985 | D        | Killed a wandering mushroom
  2180 | D        | Noticed a spriggan druid
  2181 | D        | Killed a spriggan druid
  2181 | D        | Reached skill level 25 in Stealth
  2325 | D        | Noticed an oklob plant conjurer
  2326 | D        | Killed an oklob plant conjurer
  2809 | D        | Noticed an oklob plant
  2809 | D        | Noticed an oklob plant summoner
  2812 | D        | Noticed Agnes
  2814 | D        | Found Teunne's Armour Emporium.
  2814 | D        | Noticed a spriggan berserker
  2824 | D        | Noticed an oklob plant shifter
  2826 | D        | Killed an oklob plant
  2826 | D        | Reached skill level 26 in Stealth
  2826 | D        | Reached XP level 10. HP: 46/46 MP: 12/19
  2828 | D        | Killed an oklob plant summoner
  2829 | D        | Killed an oklob plant shifter
  2841 | D        | Noticed a spriggan rider
  2865 | D        | Reached skill level 27 in Stealth
  2865 | D        | Reached skill level 1 in Ice Magic
  3126 | D        | Found Ukall's Distillery.
  3126 | D        | Found Zousyffi's Jewellery Emporium.
  3129 | D        | Killed a spriggan rider
  3129 | D        | Reached skill level 1 in Slings
  3129 | D        | Reached skill level 5 in Spellcasting
  3163 | D        | Bought a potion of curing for 36 gold pieces
  3163 | D        | Bought a potion of heal wounds for 60 gold pieces
  3163 | D        | Bought a potion of heal wounds for 60 gold pieces
  3163 | D        | Bought a potion of curing for 36 gold pieces
  3198 | D        | Found Roorhem's Armour Shoppe.
  3665 | D        | Killed Agnes
  4077 | D        | Killed a spriggan berserker
  4085 | D        | Noticed a spriggan defender
  4090 | D        | Killed a spriggan defender
  4090 | D        | Reached XP level 11. HP: 51/51 MP: 14/24
  4151 | D        | Noticed a spriggan rider
  4156 | D        | Killed a spriggan rider
  4156 | D        | Reached skill level 5 in Invocations
  4165 | D        | Noticed a ghost moth
  4168 | D        | Found Kuwee's Magic Scroll Boutique.
  4168 | D        | Found Falenythua's Jewellery Emporium.
  4168 | D        | Found Qecetz's Gadget Shoppe.
  4824 | D        | Reached skill level 10 in Hexes
  4824 | D        | Reached skill level 5 in Ice Magic
  4868 | D        | Noticed an oklob plant shifter
  4868 | D        | Noticed an oklob plant meteorologist
  4875 | D        | Killed an oklob plant meteorologist
  4881 | D        | Killed an oklob plant shifter
  4936 | D        | Noticed a spriggan rider
  4940 | D        | Killed a spriggan rider
  4940 | D        | Reached skill level 10 in Spellcasting
  5138 | D        | Noticed an oklob plant summoner
  5144 | D        | Found Sugeen's Gadget Emporium.
  5145 | D        | Found Lixkaes's Food Shop.
  5148 | D        | Killed an oklob plant summoner
  5153 | D        | Bought a ration for 70 gold pieces
  5153 | D        | Bought a ration for 70 gold pieces
  5462 | D        | Learned a level 5 spell: Metabolic Englaciation
  5463 | D        | Noticed an oklob plant annihilator
  5467 | D        | Noticed an oklob plant demonologist
  5467 | D        | Noticed a spriggan berserker
  5471 | D        | Killed a spriggan berserker
  5472 | D        | Killed an oklob plant demonologist
  5473 | D        | Killed an oklob plant annihilator
  5483 | D        | Got a slimy amethyst amulet
  5484 | D        | Identified a scroll of acquirement
  5487 | D        | Got a transparent hat
  5493 | D        | Identified the +0 hat "Pocilloh" {-Tele rC+ MR++} (You acquired it in the Dungeon)
  5511 | D        | Identified the amulet "Myepaef" {Reflect rPois rF- Dex+3 SH+2} (You found it in the Dungeon)
  5534 | D        | Found Wuel's Armour Shoppe.
  5534 | D        | Found Ozoafia's Book Boutique.
  5534 | D        | Found Idduak's Antique Weapon Shop.
  5534 | D        | Found Lituasoe's Armour Emporium.
  5534 | D        | Found Doust's Antique Weapon Shoppe.
  5535 | D        | Found Viab's Weapon Emporium.
  5535 | D        | Found Ciask's Magic Scroll Shop.
  5535 | D        | Found Nuolo's Gadget Boutique.
  5555 | D        | Bought a runed dagger for 125 gold pieces
  5659 | D        | Noticed an oklob plant
  5659 | D        | Noticed an oklob plant
  5659 | D        | Noticed an oklob plant
  5659 | D        | Noticed an oklob plant
  5659 | D        | Noticed an oklob plant
  5659 | D        | Noticed an oklob plant
  5666 | D        | Noticed an oklob plant
  5667 | D        | Killed an oklob plant
  5667 | D        | Reached ***** piety under Dithmenos
  5668 | D        | Noticed an oklob plant
  5668 | D        | Noticed an oklob plant
  5668 | D        | Noticed an oklob plant
  5669 | D        | Killed an oklob plant
  5669 | D        | Reached skill level 1 in Shields
  5673 | D        | Killed an oklob plant
  5674 | D        | Noticed an oklob plant
  5675 | D        | Killed an oklob plant
  5676 | D        | Killed an oklob plant
  5677 | D        | Noticed an oklob plant
  5678 | D        | Killed an oklob plant
  5678 | D        | Reached XP level 12. HP: 56/56 MP: 15/28
  5942 | D        | Noticed a spriggan defender
  5942 | D        | Noticed a spriggan defender
  5946 | D        | Killed a spriggan defender
  5946 | D        | Reached skill level 10 in Short Blades
  5946 | D        | Reached skill level 15 in Evocations
  5948 | D        | Killed a spriggan defender
  5948 | D        | Reached skill level 10 in Dodging
  6485 | D        | Noticed a spriggan defender
  6488 | D        | Killed a spriggan defender
  6488 | D        | Reached skill level 10 in Invocations
  6494 | D        | Noticed the Enchantress
  6746 | D        | HP: 2/58 [poisoned by a ghost moth]
  6747 | D        | Succumbed to a ghost moth's poison

Vault maps used:
D:        dungeon_sprint_fedhas

Skill      XL: |  1  2  3  4  5  6  7  8  9 10 11 12 |
---------------+-------------------------------------+-----
Stealth        | 8 10 14 18 19 21 23 26 27 | 27.0
Evocations     | 1 5 6 7 9 11 12 14 16 | 16.4
Hexes          | 5 6 7 9 11 13 | 13.6
Fighting       | 1 2 3 4 |  4.2
Spellcasting   | 3 4 8 11 13 | 13.5
Short Blades   | 2 3 4 5 7 9 11 | 11.0
Dodging        | 4 5 6 9 10 | 10.4
Invocations    | 2 4 7 10 | 10.1
Ice Magic      | 4 6 7 |  7.0
Slings         | 2 |  2.8
Shields        | 1 2 |  2.0

Action                   |  1- 3 |  4- 6 |  7- 9 | 10-12 || total
-------------------------+-------+-------+-------+-------++-------
Melee: Dagger            |    11 |     7 |    67 |    84 ||   169
 Fire: Hunting sling     |       |       |     1 |       ||     1
 Cast: Ensorcelled Hiber |     1 |       |       |    12 ||    13
       Confuse           |       |       |     1 |    11 ||    12
Invok: Shadow Step       |       |       |     7 |    29 ||    36
       Shadow Form       |       |       |       |     1 ||     1
 Abil: Evoke Invisibilit |     1 |     4 |     4 |     5 ||    14
Evoke: Phantom mirror    |       |       |       |     1 ||     1
  Use: Potion            |     1 |       |     1 |    10 ||    12
       Scroll            |       |       |     1 |     1 ||     2
 Stab: Sleeping          |     3 |     7 |    15 |    39 ||    64
       Confused          |       |       |     1 |     3 ||     4
       Invisible         |       |       |       |     3 ||     3
       Distracted        |       |       |       |     3 ||     3
  Eat: Ration            |       |       |     2 |     3 ||     5
Dodge: Dodged            |     7 |       |       |    46 ||    53
Block: Buckler           |       |       |       |    14 ||    14

Table legend:
 A = Spawn XP
 B = Non-spawn XP
 C = Spawn XP percentage of total XP
 D = Spawn monster count
 E = Non-spawn monster count
 F = Spawn count percentage of total count
 G = Total turns spent on level
                    A         B        C        D         E        F      G
               +---------+---------+-------+---------+---------+-------+---------
         Total |       0 |   36208 |   0.0 |       0 |      79 |   0.0 |  6747
               +---------+---------+-------+---------+---------+-------+---------
             D |       0 |   36208 |   0.0 |       0 |      79 |   0.0 |  6747
               +---------+---------+-------+---------+---------+-------+---------
